Map: Proxima Station LE

Players

HeroMarine

  • Race: Terran Terran
  • Spawn Location: 7:00

DnS - Winner!

  • Race: Protoss Protoss
  • Spawn Location: 1:00

Event: HomeStory Cup XV

VOD

Have the link to the VOD?

Description

Time

  • Played on: July 22, 2017, 3:06 p.m.
  • Length: 20:13

All games in this series

Show
View Real Time Build Order
Export as new Build Order

HeroMarine Terran 

Build Orders: Reaper Expand, MMM Bio 

Get SALT Encoding   

  12  0:00  SCV  
  13  0:13  SCV  
  14  0:18  Supply Depot  
  14  0:25  SCV  
  14  0:27  Refinery  
  15  0:39  SCV  
  16  0:46  Barracks  
  16  0:51  SCV  
  17  1:03  SCV  
  18  1:16  SCV  
  19  1:33  Orbital Command, Reaper  
  20  1:44  Command Center  
  20  1:55  Factory  
  20  1:59  SCV  
  21  2:03  Refinery  
  21  2:08  Barracks Reactor  
  21  2:11  SCV  
  22  2:18  Supply Depot  
  22  2:23  SCV  
  23  2:40  SCV  
  23  2:42  Starport  
  24  2:47  Widow Mine x2  
  28  2:52  SCV, Marine  
  28  2:56  Orbital Command  
  30  3:04  SCV  
  31  3:16  SCV, Widow Mine x2  
  36  3:22  Medivac  
  36  3:23  SCV  
  36  3:26  Barracks Tech Lab  
  39  3:28  SCV  
  39  3:29  Supply Depot  
  40  3:35  SCV  
  40  3:40  SCV  
  42  3:46  Widow Mine x2  
  46  3:50  Marine  
  46  3:51  SCV  
  46  3:52  SCV, Supply Depot  
  49  3:57  Stimpack  
  49  3:59  Engineering Bay  
  49  4:03  SCV  
  49  4:04  SCV  
  49  4:08  Marine  
  52  4:15  SCV  
  52  4:16  SCV  
  54  4:24  Terran Infantry Weapons Level 1  
  54  4:27  SCV  
  54  4:28  Barracks, Supply Depot  
  54  4:29  SCV, Barracks, Marine  
  57  4:33  Factory Reactor  
  57  4:39  SCV  
  57  4:41  SCV  
  57  4:45  Starport Reactor  
  59  4:47  Marine  
  59  4:51  SCV, Supply Depot  
  61  4:53  SCV  
  61  4:57  Supply Depot  
  61  5:03  SCV  
  61  5:05  Marine, SCV  
  64  5:08  Command Center  
  64  5:17  Marine x2  
  64  5:19  SCV  
  64  5:20  SCV  
  68  5:22  Medivac, Marine, Factory Reactor  
  68  5:23  Marine, Medivac  
  74  5:31  SCV  
  74  5:32  SCV  
  74  5:34  Marine, Refinery  
  74  5:35  Marine x2, Refinery  
  78  5:41  Marauder, Marine  
  82  5:43  SCV  
  82  5:44  SCV  
  84  5:52  Marine  
  84  5:54  Barracks  
  84  5:55  Marine  
  84  5:56  Barracks, Missile Turret  
  86  6:02  Supply Depot  
  86  6:03  SCV  
  86  6:05  Supply Depot  
  86  6:06  Combat Shields  
  86  6:18  Marauder, Marine, Medivac, SCV x2, Terran Infantry Armor Level 1  
  93  6:19  Widow Mine x2  
  93  6:20  Marine  
  93  6:21  Marine x2  
  93  6:23  Orbital Command  
  100  6:30  SCV x2  
  102  6:36  Marine  
  102  6:38  Marine  
  102  6:39  Marine x2  
  106  6:42  SCV x2  
  108  6:49  Marauder, Barracks Tech Lab  
  108  6:50  Barracks Tech Lab  
  108  6:51  Medivac x2, Widow Mine x2  
  114  6:54  SCV x2  
  114  6:58  Orbital Command  
  114  7:03  Marine x4  
  114  7:07  SCV x2  
  119  7:11  Marauder  
  119  7:12  Marauder x2  
  125  7:23  Marine x3, SCV x2  
  125  7:24  Supply Depot  
  125  7:25  Supply Depot  
  130  7:32  SCV  
  130  7:34  Armory  
  130  7:35  SCV x2  
  130  7:36  Engineering Bay  
  133  7:43  Supply Depot  
  133  7:45  SCV  
  133  7:46  Supply Depot  
  133  7:48  SCV  
  133  7:49  SCV  
  133  7:50  Marine x3  
  133  7:51  Marine x3  
  142  7:54  Marine, Refinery  
  142  7:55  Refinery  
  142  7:57  SCV  
  139  8:00  SCV  
  139  8:01  SCV  
  137  8:07  Missile Turret  
  137  8:09  SCV  
  137  8:11  Marine  
  139  8:13  SCV  
  139  8:16  Fusion Core  
  139  8:17  SCV  
  141  8:20  Starport  
  141  8:22  SCV  
  141  8:25  SCV  
  143  8:27  Missile Turret  
  143  8:30  Liberator x2, SCV  
  143  8:34  SCV  
  145  8:35  Terran Infantry Armor Level 2, Terran Infantry Weapons Level 2  
  145  8:36  Terran Ship Weapons Level 1  
  145  8:38  SCV  
  146  8:42  SCV  
  146  8:44  Command Center  
  153  8:50  SCV x2  
  155  8:57  Factory Tech Lab  
  155  8:58  Supply Depot  
  155  8:59  Supply Depot  
  155  9:00  Sensor Tower  
  154  9:12  Marauder x2  
  154  9:13  Liberator x2, SCV  
  138  9:19  Marauder, Marine x3  
  138  9:20  Marine  
  138  9:23  SCV  
  138  9:24  SCV  
  131  9:25  SCV  
  136  9:33  Marauder, Marine  
  136  9:34  Medivac  
  136  9:36  SCV x2, Marine  
  136  9:37  SCV  
  143  9:40  Marauder  
  143  9:44  Advanced Ballistics  
  145  9:48  SCV x2  
  145  9:49  SCV  
  148  9:54  Marine x2  
  148  10:00  SCV x2  
  148  10:04  Medivac, Sensor Tower  
  148  10:05  Marauder  
  148  10:06  Marauder  
  158  10:07  Marauder  
  158  10:13  SCV x2, Missile Turret  
  166  10:18  Medivac  
  166  10:19  Medivac  
  164  10:27  Marauder  
  166  10:31  Liberator x2  
  166  10:36  Barracks  
  166  10:38  Barracks  
  166  10:39  Barracks  
  166  10:40  Missile Turret, Terran Ship Weapons Level 2  
  166  10:41  Marine  
  166  10:42  Marine x2  
  178  10:50  Planetary Fortress  
  178  10:52  Missile Turret  
  174  11:06  Terran Infantry Weapons Level 3, Terran Infantry Armor Level 3  
  174  11:09  Refinery x2  
  171  11:25  Viking x2  
  172  11:27  Marauder x3, Barracks Tech Lab x2, Barracks Reactor, Liberator x2  
  178  11:39  Missile Turret  
  178  11:43  Missile Turret  
  178  11:45  Liberator  
  184  11:49  Liberator, Supply Depot  
  184  11:51  Marauder x4, Missile Turret  
  184  11:52  Marauder  
  197  12:09  Liberator  
  197  12:18  SCV x2  
  197  12:20  SCV x2  
  190  12:30  SCV  
  190  12:31  SCV  
  190  12:32  SCV x2  
  193  12:42  SCV  
  182  12:53  Marauder x2  
  182  12:54  Viking  
  182  12:55  Viking x2  
  182  12:56  Marauder x2  
  182  12:57  Marine  
  182  12:58  Marauder, Marine x5  
  193  13:10  Ghost Academy  
  193  13:13  Command Center  
  193  13:14  Marauder x2  
  193  13:16  Marine  
  193  13:17  Marauder  
  193  13:19  Marauder  
  200  13:25  SCV x3  
  195  13:34  Marauder  
  195  13:35  Marauder  
  199  13:48  Missile Turret  
  189  14:02  Viking  
  189  14:03  Viking  
  189  14:04  Marauder x2  
  189  14:06  Marauder  
  198  14:19  Marauder  
  198  14:23  Marine  
  198  14:24  Marine x2  
  166  14:25  Marine, Viking  
  166  14:26  Viking  
  166  14:27  Ghost x3  
  166  14:28  Ghost  
  166  14:31  Marine x2  
  178  14:32  Viking  
  178  14:35  Viking  
  184  14:39  Ghost  
  184  14:41  Marine x2  
  184  14:43  Marine x2  
  190  14:49  Marine  
  183  14:55  Viking  
  183  14:56  Marauder, Viking  
  183  14:57  Marauder x3  
  195  15:02  Viking  
  195  15:05  Marine, Viking  
  198  15:09  Marauder  
  200  15:20  Planetary Fortress  
  200  15:25  Viking  
  200  15:26  Sensor Tower, Viking  
  200  15:27  Marauder  
  198  15:28  Marauder x2, Marine  
  198  15:29  Marine  
  198  15:44  Liberator x2  
  198  15:45  Liberator x2  
  198  15:48  Marine  
  198  15:49  Marauder x2, Marine x2  
  183  15:56  Marauder  
  182  15:58  Marauder  
  196  16:05  Marauder  
  194  16:14  Marauder  
  175  16:19  Marauder  
  175  16:24  Marauder  
  154  16:26  Marine x2  
  154  16:28  Marauder  
  150  16:32  Marauder  
  150  16:35  Marauder, Marine x3, Starport  
  150  16:36  Marine  
  156  16:40  Marauder  
  156  16:44  Marine, Viking x3  
  156  16:45  Viking  
  167  16:50  Concussive Shells  
  169  16:54  Marauder x2  
  169  16:55  Marine x4  
  169  16:58  Marine  
  173  17:05  Marauder  
  171  17:09  Marine x2  
  171  17:12  Viking  
  171  17:14  Viking x2  
  179  17:16  Viking x2  
  183  17:22  Marine  
  183  17:23  Marine  
  183  17:24  Marine  
  183  17:27  Missile Turret  
  185  17:42  Viking  
  186  17:44  Viking x2  
  186  17:46  Viking  
  190  18:08  Viking  
  190  18:12  Viking  
  188  18:17  Marauder x3, Marine x3  
  188  18:18  Marine  
  192  18:20  Marauder  
  192  18:21  Marine x2  
  193  18:28  Marauder  
  195  18:35  Marine  
  195  18:38  Marauder  
  195  18:39  Marauder x2  
  195  18:47  Marauder, Marine x3  
  190  18:49  Starport Reactor  
  190  18:50  Viking x2  
  194  18:56  Command Center  
  194  19:03  Liberator x2, Marauder  
  194  19:04  Marauder, Marine  
  194  19:05  Marine  
  195  19:13  Marauder  
  195  19:16  Marauder  
  173  19:20  Marauder  
  173  19:21  Marine x3  
  173  19:22  Marine  
  173  19:24  Marine x2  
  145  19:25  Marauder x2  
  123  19:34  Marine  
  123  19:37  Marine  
  135  19:39  Marine x2  
  135  19:41  Marauder  
  135  19:45  Marine x2  
  140  19:46  Marauder  
  140  19:51  Marine  
  140  19:52  Marine x2  
Show
View Real Time Build Order
Export as new Build Order

DnS Protoss - Winner!

Build Orders: 1 Gate Expand, Oracle Opening 

Get SALT Encoding   

  12  0:00  Probe (Chrono Boost)  
  13  0:11  Probe (Chrono Boost)  
  14  0:17  Pylon  
  14  0:22  Probe (Chrono Boost)  
  15  0:35  Probe (Chrono Boost)  
  16  0:36  Gateway  
  16  0:41  Assimilator  
  16  0:45  Probe (Chrono Boost)  
  17  0:56  Probe (Chrono Boost)  
  18  1:07  Probe (Chrono Boost)  
  19  1:19  Nexus  
  19  1:22  Probe (Chrono Boost)  
  20  1:32  Cybernetics Core  
  20  1:34  Probe (Chrono Boost)  
  21  1:42  Assimilator  
  21  1:45  Probe (Chrono Boost)  
  22  1:50  Pylon  
  22  1:55  Probe (Chrono Boost)  
  23  2:08  Probe, Adept (Chrono Boost)  
  26  2:09  Warp Gate  
  26  2:20  Probe  
  26  2:30  Probe, Stargate  
  26  2:32  Probe  
  26  2:35  Adept (Chrono Boost)  
  30  2:41  Probe  
  31  2:44  Probe  
  32  2:51  Probe  
  32  2:56  Probe  
  34  2:59  Adept (Chrono Boost)  
  34  3:02  Probe  
  34  3:05  Pylon  
  37  3:08  Probe  
  38  3:12  Probe  
  38  3:14  Oracle (Chrono Boost)  
  42  3:20  Probe  
  42  3:23  Probe  
  42  3:25  Gateway  
  44  3:27  Gateway  
  44  3:32  Probe  
  44  3:33  Mothership Core  
  47  3:44  Pylon, Probe  
  48  3:52  Probe  
  48  3:53  Oracle (Chrono Boost)  
  52  3:57  Probe  
  53  4:03  Nexus  
  53  4:04  Probe  
  53  4:09  Probe  
  55  4:12  Pylon  
  54  4:21  Adept  
  56  4:24  Phoenix (Chrono Boost)  
  56  4:27  Probe  
  58  4:39  Probe  
  58  4:40  Stalker  
  58  4:41  Probe  
  62  4:46  Assimilator  
  62  4:50  Probe, Phoenix (Chrono Boost), Assimilator  
  65  4:53  Probe  
  65  4:55  Stalker  
  65  4:57  Pylon  
  68  5:00  Probe  
  68  5:06  Pylon  
  69  5:09  Probe  
  69  5:13  Probe, Twilight Council  
  70  5:14  Forge  
  70  5:16  Probe  
  72  5:22  Phoenix (Chrono Boost)  
  72  5:24  Probe  
  72  5:25  Probe  
  76  5:29  Probe  
  76  5:34  Pylon  
  76  5:35  Probe  
  77  5:37  Probe  
  77  5:38  Resonating Glaives  
  77  5:40  Probe  
  80  5:44  Protoss Ground Weapons Level 1 (Chrono Boost)  
  80  5:46  Probe  
  80  5:47  Phoenix (Chrono Boost)  
  83  5:50  Probe  
  83  5:53  Probe  
  85  5:58  Probe  
  85  6:02  Probe  
  85  6:03  Probe  
  87  6:09  Sentry  
  87  6:10  Probe, Gateway  
  91  6:13  Gateway  
  91  6:14  Probe, Gateway, Phoenix  
  91  6:16  Gateway  
  94  6:19  Gateway  
  94  6:22  Pylon, Probe  
  94  6:23  Probe  
  96  6:26  Sentry  
  96  6:27  Adept  
  100  6:32  Pylon  
  100  6:33  Probe  
  100  6:36  Robotics Facility  
  100  6:39  Phoenix (Chrono Boost)  
  103  6:44  Probe x2  
  105  6:51  Adept x3  
  105  6:54  Assimilator x2  
  111  7:02  Pylon, Phoenix (Chrono Boost)  
  111  7:07  Pylon  
  113  7:09  Probe  
  113  7:11  Blink  
  114  7:22  Protoss Ground Armor Level 1, Pylon  
  114  7:23  Warp Prism (Chrono Boost), Phoenix (Chrono Boost)  
  118  7:33  Nexus  
  118  7:35  Pylon  
  118  7:40  Robotics Bay  
  118  7:44  Probe x3  
  118  7:45  Robotics Facility  
  118  7:47  Adept  
  118  7:48  Adept x2  
  118  7:49  Adept  
  129  8:07  Adept x4  
  137  8:13  Pylon  
  137  8:14  Pylon  
  137  8:15  Adept x4  
  137  8:19  Pylon  
  145  8:23  Pylon  
  145  8:24  Colossus (Chrono Boost)  
  145  8:25  Pylon  
  145  8:27  Colossus (Chrono Boost)  
  157  8:37  Photon Cannon  
  157  8:40  Probe x2  
  160  8:44  Assimilator  
  160  8:45  Extended Thermal Lance (Chrono Boost)  
  159  8:55  Stalker x4  
  167  8:58  Pylon, Assimilator  
  147  9:12  Colossus  
  147  9:16  Adept x4  
  155  9:18  Colossus  
  159  9:40  Gateway  
  159  9:41  Gateway  
  158  9:48  Stalker  
  158  9:49  Stalker x5  
  170  9:59  Probe  
  166  10:00  Probe x3  
  166  10:03  Protoss Ground Weapons Level 2 (Chrono Boost), Dark Shrine  
  166  10:04  Observer  
  166  10:05  Forge  
  171  10:07  Disruptor  
  174  10:20  Stalker x6  
  174  10:21  Stalker  
  188  10:31  Gateway  
  188  10:32  Gateway  
  187  10:37  Templar Archives  
  187  10:40  Disruptor  
  187  10:43  Disruptor  
  193  10:57  Protoss Ground Armor Level 2 (Chrono Boost)  
  193  10:58  Charge  
  193  11:08  Stalker x3  
  199  11:12  Psionic Storm  
  199  11:14  Photon Cannon  
  199  11:17  Pylon  
  199  11:19  Photon Cannon, Pylon  
  199  11:22  Pylon  
  199  11:52  Nexus  
  199  11:53  Stargate  
  199  11:54  Fleet Beacon  
  199  11:56  Pylon  
  199  11:59  Assimilator  
  199  12:03  Assimilator  
  189  12:28  Protoss Air Weapons Level 1  
  189  12:29  Stargate  
  175  12:30  Protoss Ground Weapons Level 3 (Chrono Boost)  
  175  12:31  Stargate  
  175  12:36  Photon Cannon  
  173  12:38  Tempest x2  
  173  12:44  Disruptor  
  185  12:46  Protoss Ground Armor Level 3 (Chrono Boost)  
  185  12:48  Disruptor  
  185  13:07  Zealot  
  185  13:08  Zealot x6  
  187  13:28  Tempest x2 (Chrono Boost)  
  195  13:42  Tempest (Chrono Boost)  
  195  14:01  Disruptor x2  
  193  14:22  Zealot x12  
  196  14:36  Disruptor  
  199  14:40  Protoss Air Weapons Level 2  
  199  14:48  Nexus  
  199  14:49  Pylon  
  191  14:56  Tempest (Chrono Boost)  
  197  15:05  Protoss Shields Level 1  
  197  15:12  Photon Cannon  
  197  15:13  Photon Cannon  
  197  15:14  Photon Cannon  
  197  15:16  Photon Cannon  
  197  15:17  Photon Cannon, Pylon  
  197  15:19  Photon Cannon  
  197  15:20  Photon Cannon  
  197  15:21  Pylon  
  197  15:27  Tempest (Chrono Boost)  
  199  15:32  Tempest (Chrono Boost)  
  199  15:35  High Templar x4  
  199  15:39  Pylon  
  199  15:48  Stalker x2  
  199  15:56  Stalker x4  
  195  16:11  Stalker  
  195  16:12  Stalker x2  
  168  16:24  Colossus  
  168  16:25  Zealot x9  
  164  16:31  Colossus  
  186  16:33  Tempest x2 (Chrono Boost)  
  186  16:35  High Templar x3  
  192  16:43  Assimilator x2  
  192  16:46  High Templar x4  
  200  17:24  Protoss Air Weapons Level 3  
  194  18:03  Nexus  
  194  18:09  Stalker x3  
  194  18:11  Disruptor  
  194  18:15  Disruptor  
  171  18:43  Stalker x11  
  142  19:25  Zealot x3, Immortal  
  142  19:26  Zealot x9  
  142  19:30  Immortal  
  157  19:47  Zealot x3, Stalker x7  
  157  19:48  Zealot x2  
  169  20:03  Nexus  
Tags
 
Add a new tag
Caveats
  • Supply blocks, unpowered buildings, or Contaminate may cause inaccurate times.
  • Supply counts are checked every 10 seconds.